 Dungeon Crawl Stone Soup version 0.18-a0-750-g37044d6 (webtiles) character file.

43 gorblad the Grave Robber (level 3, -1/24 HPs)
             Began as a Mummy Necromancer on Dec 11, 2015.
             Slain by a shadow imp (2 damage)
             ... summoned by Natasha
             ... on level 2 of the Dungeon.
             The game lasted 00:14:04 (1777 turns).

gorblad the Grave Robber (Mummy Necromancer)        Turns: 1777, Time: 00:14:09

Health: -1/24      AC:  3    Str: 11    XL:     3   Next: 37%
Magic:  1/7        EV: 12    Int: 15    God:
Gold:   45         SH:  0    Dex: 12    Spells: 2 memorised, 5 levels left

rFire  x . .     SeeInvis .     f - +0 short sword
rCold  + . .     Clarity  .     a - +0 robe
rNeg   + + +     SustAt   .     (no shield)
rPois  ∞         Gourm    .     (no helmet)
rElec  .         Spirit   .     e - +0 cloak
rCorr  .         Dismiss  .     (no gloves)
rMut   .         Stasis   .     (no boots)
MR     .....                    (no amulet)
Stlth  ++........               (no ring)
                                (no ring)

@: slowed, very slow, not resistant to hostile enchantments, unstealthy
A: no food or potions, fire vulnerability, cold resistance 1, negative energy
resistance 3, torment resistance, unbreathing
a: no special abilities


You were on level 2 of the Dungeon.
You were not hungry.

You visited 1 branch of the dungeon, and saw 2 of its levels.

You collected 45 gold pieces.

Inventory:

Hand Weapons
 f - a +0 short sword (weapon)
Missiles
 c - 85 stones (quivered)
 d - 51 sling bullets
Armour
 a - a +0 robe (worn)
 e - a +0 cloak (worn)
Jewellery
 h - an uncursed ring of wizardry {unknown}
Scrolls
 g - a scroll of teleportation {unknown}
Books
 b - a book of Necromancy

   Spells                             Type                      Level
   a - Pain                           Necromancy                   1
   b - Animate Skeleton               Necromancy                   1
   c - Vampiric Draining              Necromancy                   3
   d - Regeneration                   Charms/Necromancy            3
   e - Animate Dead                   Necromancy                   4
   f - Control Undead                 Necromancy                   4


   Skills:
 - Level 1.6 Dodging
 - Level 1.5 Stealth
 * Level 2.8 Spellcasting
 + Level 4.6 Necromancy


You had 5 spell levels left.
You knew the following spells:

 Your Spells              Type           Power        Failure   Level  Hunger
a - Pain                  Necr           ###.         3%          1    N/A
b - Animate Skeleton      Necr           N/A          3%          1    N/A

Dungeon Overview and Level Annotations

Branches:
Dungeon (2/15)

Altars:
The Shining One

Annotations:
D:2 Natasha


Innate Abilities, Weirdness & Mutations

You do not eat or drink.
Your flesh is vulnerable to fire.
You are immune to poison.
Your flesh is cold resistant.
You are immune to negative energy.
You are immune to unholy pain and torment.
You can survive without breathing.


Message History

You don't have enough magic to cast that spell.
You closely miss Natasha.
Natasha is almost dead.
Natasha claws you but does no damage.
The shadow imp hits you but does no damage.
Natasha closely misses you.
You closely miss Natasha.
Natasha is almost dead.
The shadow imp barely misses you.
Natasha stares at you and mumbles some strange words.
The magic dart hits you!
* * * LOW HITPOINT WARNING * * *
The shadow imp hits you but does no damage.
You hit Natasha.
Natasha is almost dead.
Natasha casts a spell.
The shadow imp hits you.
* * * LOW HITPOINT WARNING * * *
Natasha completely misses you. The shadow imp hits you.
You die...

#...........
#####.##########
.# ........# .#
......#.# .#
#######.## .# #
#..# .# #
##.###### .# #
#.##...###.##.#.#
#
#.#......@h......
#
#.........5#....#
.
#.<........5.....
#........###....#
# # #..........
..... #
#.##..#.....###
.... #
....>..#..# #..
########.†.###..#
.#
##...............


You could see an iron imp, Natasha and a shadow imp.

Vanquished Creatures
  A gnoll (D:1)
  An ooze (D:1)
  A giant gecko (D:2)
  4 hobgoblins
  7 bats
  3 giant newts
  4 goblins
  5 kobolds
  3 rats (D:1)
29 creatures vanquished.

Notes
Turn   | Place    | Note
--------------------------------------------------------------
     0 | D:1      | gorblad the Mummy Necromancer began the quest for the Orb.
     0 | D:1      | Reached XP level 1. HP: 13/13 MP: 3/3
   574 | D:1      | Reached XP level 2. HP: 19/19 MP: 3/5
   679 | D:1      | Found a glowing golden altar of the Shining One.
   778 | D:1      | Learned a level 1 spell: Animate Skeleton
  1365 | D:1      | Reached XP level 3. HP: 24/24 MP: 5/7
  1766 | D:2      | Noticed Natasha
  1777 | D:2      | HP: 1/24 [shadow imp[Natasha] (3)]
  1777 | D:2      | Slain by a shadow imp

Vault maps used:
D:1:      dpeg_arrival_solitude, tso_metal_star
D:2:      ashenzari_conservatory_becter, uniq_natasha

Action                   || total
-------------------------++-------
Melee: Short sword       ||     3
Throw: Stone             ||     2
 Cast: Pain              ||    66
       Animate Skeleton  ||     2
